 Dungeon Crawl Stone Soup version 0.24.1-14-gf8d2b509d9 (webtiles) character file.

Game seed: 16047629467864405059, levelgen mode: deterministic

18910 H0rd4k the Eclecticist (level 12, -2/60 HPs)
             Began as a Deep Elf Wizard on May 16, 2020.
             Was an Initiate of Gozag.
             Succumbed to a black mamba's poison
             ... on level 3 of the Lair of Beasts.
             The game lasted 01:04:25 (19316 turns).

H0rd4k the Eclecticist (Deep Elf Wizard)           Turns: 19316, Time: 01:04:25

Health: -2/60      AC:  4    Str:  4    XL:     12   Next: 31%
Magic:  25/34      EV: 16    Int: 29    God:    Gozag
Gold:   1073       SH:  0    Dex: 18    Spells: 26/43 levels left

rFire    . . .     SeeInvis +   p - staff of wizardry
rCold    . . .     Gourm    +   (no shield)
rNeg     + . .     Faith    .   l - +1 robe {MR+}
rPois    .         Spirit   .   h - +1 hat {SInv}
rElec    .         Reflect  .   (no cloak)
rCorr    .         Harm     .   (no gloves)
MR       ++...                  (no boots)
Stlth    +++.......             H - amulet of the gourmand
HPRegen  0.20/turn              k - ring of positive energy
MPRegen  0.24/turn              j - +5 ring of dexterity

@: lethally poisoned (-2 -> -49), very slightly contaminated
A: no striking features
a: Potion Petition, Call Merchant, Bribe Branch, Renounce Religion


You were on level 3 of the Lair of Beasts.
You worshipped Gozag.
Gozag was most pleased with you.
You were not hungry.

You visited 3 branches of the dungeon, and saw 15 of its levels.

You collected 1421 gold pieces.
You spent 97 gold pieces at shops.
You paid 251 gold pieces to Gozag.

Inventory:

Hand Weapons
 b - a cursed +5 falchion
 z - a +2 dagger of holy wrath
Missiles
 o - 16 poisoned darts (quivered)
 A - 4 atropa-tipped darts
Armour
 h - a +1 hat of see invisible (worn)
 l - a +1 robe of magic resistance (worn)
Magical Staves
 p - an uncursed staff of wizardry (weapon)
Jewellery
 j - a +5 ring of dexterity (right hand)
 k - a ring of positive energy (left hand)
 s - an uncursed ring of see invisible
 H - an amulet of the gourmand (around neck)
 M - an uncursed ring of resist corrosion {unknown}
Wands
 w - a wand of digging (4)
 x - a wand of disintegration (24)
 E - a wand of polymorph (8)
 F - a wand of iceblast (16)
 I - a wand of acid (12)
 J - a wand of flame (19)
Scrolls
 f - 4 scrolls of teleportation
 g - 7 scrolls of remove curse
 i - a scroll of enchant weapon
 m - 2 scrolls of amnesia
 q - a scroll of identify
 y - a scroll of magic mapping
 K - a scroll of fear
Potions
 a - 2 potions of brilliance
 c - a potion of lignification {unknown}
 e - 3 potions of agility
 n - 3 potions of mutation
 r - a potion of invisibility
 u - 3 potions of curing
 B - a potion of berserk rage {unknown}
 C - a potion of cancellation
 D - a potion of might
 G - a potion of haste {unknown}
Miscellaneous
 N - a lamp of fire
Comestibles
 d - 21 rations


   Skills:
 - Level 0.8 Fighting
 + Level 6.0 Dodging
 + Level 4.5 Stealth
 + Level 16.3 Spellcasting
 + Level 11.5 Conjurations
 * Level 7.0 Charms
   Level 1.1 Summonings
 + Level 5.4 Translocations
 + Level 6.0 Fire Magic
 + Level 3.7 Air Magic
 + Level 3.5 Poison Magic
 + Level 1.0 Evocations


You had 26 spell levels left.
You knew the following spells:

 Your Spells              Type           Power        Failure   Level  Hunger
a - Magic Dart            Conj           ####         0%          1    None
b - Blink                 Tloc           N/A          1%          2    None
c - Conjure Flame         Conj/Fire      ######..     1%          3    None
d - Mephitic Cloud        Conj/Pois/Air  ######..     1%          3    None
e - Shroud of Golubria    Chrm/Tloc      ######       1%          2    None
f - Deflect Missiles      Chrm/Air       ######....   13%         6    ###....

Your spell library contained the following spells:

 Spells                   Type           Power        Failure   Level  Hunger
 Infusion                 Chrm           ####         1%          1    None
 Call Imp                 Summ           ####....     1%          2    None
 Slow                     Hex            ###.....     1%          2    None
 Song of Slaying          Chrm           ######..     1%          2    None
 Regeneration             Chrm/Necr      #####.....   1%          3    None
 Spectral Weapon          Hex/Chrm       #####...     1%          3    None
 Cause Fear               Hex            ###.......   8%          4    None
 Silence                  Hex/Air        ####......   11%         5    None
 Yara's Violent Unravell  Hex/Tmut       ###.......   21%         5    None
 Discord                  Hex            ###.......   100%        8    ######.


Dungeon Overview and Level Annotations

Branches:
Dungeon (11/15)            Temple (1/1) D:7            Lair (3/6) D:8
 Shoals (0/4) Lair:2          Orc (0/2) D:9
  Snake: Lair:2-4    Spider: Lair:2-4

Altars:
Ashenzari
Cheibriados
Dithmenos
Elyvilon
Fedhas
Gozag
Hepliaklqana
Kikubaaqudgha
Makhleb
Nemelex Xobeh
Okawaru
Qazlal
Ru
Sif Muna
Trog
Uskayaw
Vehumet
Wu Jian
Xom
Yredelemnul
Zin
The Shining One
Beogh

Shops:
D:4 !   D:6 ?

Annotations:
D:10 exclusion: downstairs
D:11 Grum
Lair:1 exclusion: 2 downstairs
Lair:2 exclusion: 2 downstairs


Message History

The black mamba poisons you!
Casting: Blink (safe; 1% risk of failure)
Confirm with . or Enter, or press ? or * to list all spells.
You blink.
* * * LOW HITPOINT WARNING * * *
You feel very sick. The yak barely misses you.
Casting: Blink (safe; 1% risk of failure)
Confirm with . or Enter, or press ? or * to list all spells.
You blink.
The yak bellows! x3
* * * LOW HITPOINT WARNING * * *
You feel very sick. The black mamba barely misses you.
Blink to where?
Press: ? - help, Dir - move target cursor, p - black mamba You are very lightly contaminated with residual magic.
As you read the scroll of blinking, it crumbles to dust.
You die...
Your body crumbles into a pile of gold.

#.......#####
#.....$####.#####
###.......##....PP#
#.........P.......#
##...............#
#...............##
#..P##.P.........P#
...# #P.....§F...##
.. .##
##.<@....S§.P###
... ###......S###P.
...
##.###.Y§.##.##.>.
### ###......#...
##........S
..#YYY....#
.......Y..#
....#..Y..# .
##.....#


You could see 2 black mambas, a yak and a spiny frog.

Vanquished Creatures
  Erica (D:10)
  2 death yaks (Lair:2)
  Pikel (D:8)
  A manticore (D:10)
  6 elephants
  A torpor snail (Lair:2)
  3 spiny frogs (Lair:1)
  4 komodo dragons
  A troll (D:9)
  3 polar bears (Lair:2)
  Grinder (D:4)
  3 hippogriffs
  3 wyverns
  Sigmund (D:3)
  10 yaks
  A human (D:8)
  2 hungry ghosts (D:10)
  4 hogs (D:8)
  A basilisk (Lair:1)
  Eustachio (D:4)
  5 water moccasins
  Edmund (D:6)
  4 porcupines
  4 slaves (D:8)
  2 necrophages
  An eye of draining (D:10)
  A sky beast (D:6)
  3 orc warriors
  2 black bears
  7 ogres
  2 phantoms
  13 wolves
  The ghost of letownia the Digger, an amateur GnEE (D:3)
  5 crocodiles
  A gnoll sergeant (D:9)
  12 bullfrogs
  A water moccasin zombie (D:8)
  3 scorpions
  A water moccasin skeleton (D:7)
  4 killer bees (D:8)
  9 wights
  A howler monkey (D:8)
  2 crimson imps
  A centaur zombie (D:11)
  8 orc priests
  4 hounds
  2 jellies
  2 centaur skeletons (D:10)
  15 orc wizards
  A bullfrog skeleton (D:7)
  Ijyb (D:5)
  7 iguanas
  A worker ant (D:9)
  A hound zombie (D:7)
  2 hound skeletons
  Robin (D:4)
  11 gnolls
  11 adders
  3 shadow imps
  3 oozes
  An adder skeleton (D:5)
  3 worms (D:2)
  A dart slug (D:2)
  4 leopard geckos
  36 orcs
  7 giant cockroaches
  17 goblins
  14 hobgoblins
  6 jackals
  3 quokkas
  A ball python (D:1)
  4 bats
  3 frilled lizards
  A jackal skeleton (D:6)
  3 kobolds
  A quokka skeleton (D:9)
  6 rats (D:1)
320 creatures vanquished.

Vanquished Creatures (others)
  13 fungi
  5 plants (Lair:2)
  2 withered plants (D:3)
20 creatures vanquished.

Grand Total: 340 creatures vanquished

Notes
Turn   | Place    | Note
-------+----------+-------------------------------------------
     0 | D:1      | H0rd4k the Deep Elf Wizard began the quest for the Orb.
     0 | D:1      | Reached XP level 1. HP: 10/10 MP: 7/7
   124 | D:1      | Reached XP level 2. HP: 11/15 MP: 0/9
   205 | D:1      | Reached skill level 5 in Spellcasting
   694 | D:1      | Reached XP level 3. HP: 19/19 MP: 4/12
  1078 | D:2      | Learned a level 2 spell: Blink
  1082 | D:2      | Learned a level 3 spell: Conjure Flame
  1086 | D:2      | Learned a level 3 spell: Mephitic Cloud
  1399 | D:2      | Reached skill level 6 in Spellcasting
  1530 | D:2      | Reached XP level 4. HP: 24/24 MP: 8/14
  2378 | D:3      | Found a runed translucent door.
  2383 | D:3      | Noticed letownia's ghost (amateur GnEE)
  2422 | D:3      | Found a stormy altar of Qazlal.
  2718 | D:3      | Noticed Sigmund
  2809 | D:3      | Reached XP level 5. HP: 14/28 MP: 4/16
  3067 | D:3      | Killed Sigmund
  3067 | D:3      | Reached skill level 7 in Spellcasting
  3067 | D:3      | Reached XP level 6. HP: 29/32 MP: 6/18
  3715 | D:4      | You fall into a shaft and drop 2 floors!
  3819 | D:7      | Reached skill level 8 in Spellcasting
  3897 | D:7      | Found a staircase to the Ecumenical Temple.
  3921 | D:7      | Reached XP level 7. HP: 36/36 MP: 9/20
  3923 | D:7      | Reached skill level 5 in Conjurations
  3931 | D:7      | Noticed a hippogriff
  4029 | D:7      | Reached skill level 1 in Fire Magic
  4160 | D:8      | Reached skill level 1 in Air Magic
  4242 | D:8      | Reached skill level 9 in Spellcasting
  4245 | D:8      | Found a staircase to the Lair.
  4265 | D:8      | Noticed Pikel
  4408 | D:8      | Reached skill level 1 in Poison Magic
  4424 | D:8      | Reached XP level 8. HP: 41/41 MP: 5/23
  4571 | D:8      | Killed Pikel
  4571 | D:8      | Reached skill level 10 in Spellcasting
  5063 | D:8      | Reached skill level 11 in Spellcasting
  5179 | D:8      | Reached XP level 9. HP: 44/45 MP: 15/26
  5365 | D:6      | Found Qybbed Umie's Magic Scroll Emporium.
  5365 | D:6      | Found a blossoming altar of Fedhas.
  5373 | D:6      | Bought a scroll of blinking for 97 gold pieces
  5378 | D:6      | Found an ancient bone altar of Kikubaaqudgha.
  5399 | D:5      | Entered Level 5 of the Dungeon
  5458 | D:5      | Noticed Ijyb
  5469 | D:5      | Killed Ijyb
  6217 | D:4      | Noticed Grinder
  6241 | D:4      | Killed Grinder
  6269 | D:4      | Noticed Eustachio
  6318 | D:4      | Noticed Robin
  6462 | D:4      | Found Cangiesu's Distillery.
  6598 | D:4      | Reached skill level 12 in Spellcasting
  7057 | D:4      | Killed Eustachio
  7089 | D:5      | Found a glowing golden altar of the Shining One.
  7431 | D:5      | Found a blossoming altar of Fedhas.
  7970 | D:6      | Noticed Edmund
  7988 | D:6      | Killed Edmund
  8093 | D:6      | Found a bloodstained altar of Trog.
  8857 | D:7      | Reached skill level 5 in Fire Magic
  8857 | D:7      | Reached XP level 10. HP: 41/51 MP: 20/28
  8894 | D:7      | Found a shattered altar of Ashenzari.
  9171 | D:8      | Reached skill level 13 in Spellcasting
 10531 | D:9      | Found a shimmering blue altar of Sif Muna.
 10532 | D:9      | Found an iron altar of Okawaru.
 10532 | D:9      | Found a hide-covered altar of Uskayaw.
 10532 | D:9      | Found a snail-covered altar of Cheibriados.
 10532 | D:9      | Found a sacrificial altar of Ru.
 10533 | D:9      | Found a radiant altar of Vehumet.
 11030 | D:9      | Found a staircase to the Orcish Mines.
 11191 | D:9      | Found a roughly hewn altar of Beogh.
 11630 | D:10     | Entered Level 10 of the Dungeon
 11943 | D:10     | Reached skill level 14 in Spellcasting
 12332 | D:10     | Reached XP level 11. HP: 45/55 MP: 16/31
 12481 | D:10     | Reached skill level 10 in Conjurations
 12542 | D:10     | Noticed Erica
 12567 | D:10     | Killed Erica
 12751 | D:10     | Learned a level 2 spell: Shroud of Golubria
 12758 | D:10     | Learned a level 6 spell: Deflect Missiles
 12769 | D:11     | Noticed Grum
 12769 | D:11     | Noticed a seven-headed hydra
 12771 | D:11     | Noticed a cyan ugly thing
 12873 | D:10     | Reached skill level 1 in Charms
 13199 | Temple   | Entered the Ecumenical Temple
 13208 | Temple   | Became a worshipper of Gozag Ym Sagoz the Greedy
 13343 | D:3      | Killed letownia's ghost
 13622 | D:4      | Killed Robin
 13772 | Lair:1   | Entered Level 1 of the Lair of Beasts
 14397 | Lair:1   | Reached skill level 5 in Dodging
 14416 | Lair:1   | Reached skill level 15 in Spellcasting
 14416 | Lair:1   | Reached skill level 1 in Evocations
 15812 | Lair:2   | Found a staircase to the Shoals.
 16221 | Lair:2   | Noticed a death yak
 16237 | Lair:2   | Reached skill level 5 in Charms
 16267 | Lair:2   | Noticed a death yak
 16282 | Lair:2   | Killed a death yak
 17143 | Lair:2   | Killed a death yak
 17143 | Lair:2   | Reached XP level 12. HP: 54/60 MP: 19/33
 17792 | Lair:1   | HP: 1/60 [elephant (10)]
 17796 | Lair:1   | Reached skill level 5 in Translocations
 18214 | Lair:2   | Reached skill level 16 in Spellcasting
 18523 | Lair:3   | Noticed a seven-headed hydra
 19305 | Lair:3   | HP: 3/60 [black mamba (17)]
 19315 | Lair:3   | HP: 2/60 [poisoned by a black mamba]
 19316 | Lair:3   | Succumbed to a black mamba's poison

Levels and vault maps discovered:
D:1:      dpeg_arrival_boxes_within_box, layout_basic, st_stairs_2
D:2:      layout_basic
D:3:      layout_basic, gammafunk_ghost_grave, grunt_qazlal_clouds, uniq_sigmund
D:4:      layout_gridville, serial_shops, shop, uniq_grinder, uniq_robin,
          uniq_eustachio
D:5:      layout_basic, old_standard_altar, first_ration,
          fedhas_altar_fruit_tree, uniq_ijyb
D:6:      layout_gridville, grunt_temple_overflow_growth_and_decay,
          serial_shops, shop, small_statue_intersection, trog_butcher_becter,
          uniq_edmund
D:7:      layout_rooms, cheibrodos_ashenzari_chains,
          minmay_temple_entry_stoned_glass
D:8:      layout_loops_cross, lair_entry_dummy, grunt_livestock,
          minmay_statues_item, serial_bayou_pond_c, uniq_pikel
D:9:      layout_long_grid, minitemple, minmay_orc_entry_temple_small
D:10:     layout_loops_ring, uniq_erica
D:11:     wad_pebble_path, layout_rooms, special_room [special_room_orc],
          uniq_sonja, uniq_nergalle, uniq_grum
Temple:   nicolae_temple_no_exploring_needed
Lair:1:   layout_gridlike, st_stairs_9, grunt_forest_stairs_basic,
          grunt_forest_small_clearing_treed, serial_bayou_shore_b,
          lemuel_fruit_tree
Lair:2:   layout_chaotic_city, shoals_dummy_entry, cheibrodos_lair_lostbears,
          serial_bayou_shore_b
Lair:3:   layout_cave_pods, grunt_megastairs_3

Skill      XL: |  1  2  3  4  5  6  7  8  9 10 11 12 |
---------------+-------------------------------------+-----
Spellcasting   | 5 6 7 8 9 11 12 14 15 16 | 16.3
Conjurations   | 3 4 5 7 8 9 11 | 11.5
Dodging        | 3 4 5 6 |  6.0
Fire Magic     | 2 3 5 6 |  6.0
Stealth        | 3 4 |  4.5
Air Magic      | 1 3 |  3.7
Poison Magic   | 1 2 3 |  3.5
Translocations | 2 4 5 |  5.4
Charms         | 6 7 |  7.0
Evocations     | 1 |  1.0
Fighting       | |  0.8
Summonings     | |  1.1

Action                   |  1- 3 |  4- 6 |  7- 9 | 10-12 || total
-------------------------+-------+-------+-------+-------++-------
Melee: Staff             |       |       |     1 |     7 ||     8
 Cast: Magic Dart        |    95 |   116 |   341 |   708 ||  1260
       Conjure Flame     |       |     9 |    33 |   111 ||   153
       Mephitic Cloud    |       |    10 |    23 |    34 ||    67
       Blink             |       |     1 |    11 |    58 ||    70
       Shroud of Golubri |       |       |       |    29 ||    29
Evoke: Wand              |       |       |     2 |    12 ||    14
  Use: Scroll            |       |     7 |     2 |    15 ||    24
       Potion            |       |       |       |     6 ||     6
  Eat: Chunk             |     2 |     5 |    13 |    12 ||    32
       Ration            |       |     1 |       |     6 ||     7
Armor: Robe              |     1 |     1 |    20 |    26 ||    48
Dodge: Dodged            |     7 |    16 |    57 |   230 ||   310
